 Dungeon Crawl Stone Soup version 0.25-a0-558-g78a2afb0af (webtiles) character file.

Game seed: 5793909876316173998, levelgen mode: deterministic

363208 Leibowitz the Conqueror (level 21, -9/224 HPs)
             Began as a Minotaur Berserker on Feb 23, 2020.
             Was the Champion of Trog.
             Killed from afar by a titan (36 damage)
             ... with a bolt of lightning
             ... on level 5 of the Vaults on Feb 24, 2020.
             The game lasted 02:37:08 (38374 turns).

Leibowitz the Conqueror (Minotaur Berserker)       Turns: 38374, Time: 02:37:09

Health: -9/224     AC: 35    Str: 34    XL:     21   Next: 53%
Magic:  20/20      EV: 23    Int: 14    God:    Trog [******]
Gold:   4167       SH:  0    Dex: 24    Spells: 20/20 levels left

rFire    + . .     SeeInvis +   a - +10 battleaxe of Wiplog {vorpal, rF+ Dex+5 Stlth+}
rCold    + . .     Gourm    .   (shield currently unavailable)
rNeg     . . .     Faith    +   Y - +8 chain mail "Pueski" {Str+3 Slay+3}
rPois    +         Spirit   .   I - +1 hat
rElec    .         Reflect  .   y - +4 cloak of Saghyoss {Int+6 Dex+6}
rCorr    .         Harm     .   X - +2 pair of gloves
MR       ++++.                  m - +0 pair of boots
Stlth    ..........             q - amulet of faith
HPRegen  1.47/turn              D - +4 ring of slaying
MPRegen  0.17/turn              U - ring of Fecw {rPois MR+ Int+4 SInv}

@: regenerating
A: retaliatory headbutt, horns 2, cold resistance 1, strong 1
}: 2/15 runes: decaying, serpentine
a: Berserk, Trog's Hand, Brothers in Arms, Renounce Religion


You were on level 5 of the Vaults.
You worshipped Trog.
Trog was exalted by your worship.
You were not hungry.

You visited 7 branches of the dungeon, and saw 35 of its levels.
You visited the Abyss 2 times.
You visited 1 bazaar.
You also visited: Sewer, Ice Cave and Wizlab.

You collected 5130 gold pieces.
You spent 963 gold pieces at shops.

Inventory:

Hand Weapons
 a - the +10 battleaxe of Wiplog (weapon) {vorpal, rF+ Dex+5 Stlth+}
   (Trog gifted it to you on level 6 of the Lair of Beasts)

   It inflicts extra damage upon your enemies.
   It affects your dexterity (+5).
   It protects you from fire.
   It makes you more stealthy.
 i - the +11 hand axe of the Ageless Beds {flame, rF+ rC+ Str+3}
   (Trog gifted it to you in a wizard's laboratory)

   It has been specially enchanted to burn those struck by it, causing extra
   injury to most foes and up to half again as much damage against particularly
   susceptible opponents.
   Big, fiery blades are also staple armaments of hydra-hunters.
   It affects your strength (+3).
   It protects you from fire.
   It protects you from cold.
 x - the +8 war axe "Jiavaps" {vorpal, MR++ Str-4 Int+6}
   (Trog gifted it to you on level 2 of the Orcish Mines)

   It inflicts extra damage upon your enemies.
   It affects your strength (-4).
   It affects your intelligence (+6).
   It affects your resistance to hostile enchantments.
 A - the +9 sword of Zonguldrok {reap}
   (You found it in a wizard's laboratory)

   If a monster killed with it leaves a corpse in good enough shape, the corpse
   will be animated as a zombie friendly to the killer.
Missiles
 B - 16 curare-tipped darts (quivered)
 T - 7 atropa-tipped darts
Armour
 m - a +0 pair of boots (worn)
 y - the +4 cloak of Saghyoss (worn) {Int+6 Dex+6}
   (You found it on level 5 of the Dungeon)

   It affects your intelligence (+6).
   It affects your dexterity (+6).
   If you remove this armour, your AC will decrease by 6 (35 -> 29).
 z - the +3 plate armour "Xeenikess" {*Drain rF++ MR+++ Dex-5}
   (You found it on level 3 of the Swamp)

   It affects your dexterity (-5).
   It greatly protects you from fire.
   It affects your resistance to hostile enchantments.
   It causes draining when unequipped.
   If you switch to wearing this armour, your AC will decrease by 1 (35 -> 34).
 I - a +1 hat (worn)
 X - a +2 pair of gloves (worn)
 Y - the +8 chain mail "Pueski" (worn) {Str+3 Slay+3}
   (You found it on level 2 of the Vaults)

   It affects your strength (+3).
   It affects your accuracy and damage with ranged weapons and melee attacks
   (+3).
   If you remove this armour, your AC will decrease by 23 (35 -> 12).
 Z - the +15 Maxwell's patent armour {-Cast -Tele rElec MR+ rCorr}
   (You found it on level 1 of the Swamp)

   It insulates you from electricity.
   It affects your resistance to hostile enchantments.
   It prevents spellcasting.
   It prevents most forms of teleportation.
   It provides partial protection from all sources of acid and corrosion.
   If you switch to wearing this armour, your AC will increase by 11 (35 -> 46).
Jewellery
 e - an uncursed ring of flight
 q - an amulet of faith (around neck)
 D - a +4 ring of slaying (left hand)
 J - an uncursed ring of teleportation
 R - an uncursed ring of positive energy
 U - the ring of Fecw (right hand) {rPois MR+ Int+4 SInv}
   (You found it on level 13 of the Dungeon)

   [ring of protection from magic]

   It affects your intelligence (+4).
   It protects you from poison.
   It affects your resistance to hostile enchantments.
   It lets you see invisible.
 W - an uncursed amulet of regeneration {unknown}
Wands
 C - a wand of scattershot (4)
 F - a wand of disintegration (11)
 G - a wand of iceblast (25)
 H - a wand of acid (6)
 K - a wand of clouds (4)
 M - a wand of digging (19)
Scrolls
 d - 6 scrolls of fog
 f - 7 scrolls of enchant weapon
 h - 16 scrolls of teleportation
 j - 18 scrolls of remove curse
 k - a scroll of brand weapon
 l - 28 scrolls of identify
 r - 4 scrolls of fear
 s - 6 scrolls of blinking
 u - 6 scrolls of magic mapping
 N - 4 scrolls of enchant armour
Potions
 b - 2 potions of heal wounds
 n - 3 potions of brilliance
 o - 4 potions of might
 p - 6 potions of haste
 t - 3 potions of invisibility
 v - 13 potions of curing
 w - a potion of cancellation
 E - 7 potions of flight
 L - 8 potions of lignification
 O - 6 potions of stabbing
 P - 2 potions of berserk rage
 Q - a potion of ambrosia
Miscellaneous
 g - 3 tins of tremorstones
Comestibles
 c - 52 rations


   Skills:
 O Level 27 Fighting
 - Level 22.8 Axes
 * Level 19.7 Armour
 * Level 15.5 Dodging
 + Level 0.3 Evocations


You had 20 spell levels left.
You didn't know any spells.
Your spell library was empty.

Dungeon Overview and Level Annotations

Branches:
Dungeon (13/15)            Temple (1/1) D:6            Lair (6/6) D:10
  Swamp (4/4) Lair:2        Snake (4/4) Lair:4        Slime (0/5) Lair:5
    Orc (2/2) D:10            Elf (0/3) Orc:2        Vaults (5/5) D:13
  Crypt (0/3) Vaults:3      Sewer (visited)           IceCv (visited)
 WizLab (visited)

Altars:
Ashenzari
Cheibriados
Dithmenos
Elyvilon
Fedhas
Gozag
Hepliaklqana
Kikubaaqudgha
Makhleb
Nemelex Xobeh
Okawaru
Qazlal
Ru
Sif Muna
Trog
Uskayaw
Vehumet
Wu Jian
Xom
Yredelemnul
Zin
The Shining One
Beogh

Shops:
D:11 :   D:12 ?   Orc:2 %==}[   Swamp:2 *   Snake:1 }[   Snake:2 =}}
Snake:3 [   Vaults:1 }

Annotations:
D:4 Natasha
Lair:2 exclusion: 2 oklob plants
Lair:5 2 transporters, Docy's ghost, journeyman MiBe


Innate Abilities, Weirdness & Mutations

You reflexively headbutt those who attack you in melee.
You have a pair of horns on your head.
Your flesh is cold resistant. (rC+)
Your muscles are strong. (Str +2)


Message History

The stone giant is heavily wounded.
Your chain mail "Pueski" prevents you from hitting the stone giant.
The stone giant is heavily wounded.
The stone giant hits you but does no damage.
You slice the stone giant!!
You headbutt the stone giant, but do no damage.
The stone giant is severely wounded.
The stone giant hits you!!
* * * LOW HITPOINT WARNING * * *
You slice the stone giant!!
You kill the stone giant!
Trog accepts your kill.
You start resting.
A titan comes into view.
You strike the helpless titan from behind!
You slash the titan!
The titan is lightly wounded.
The titan casts a spell at you. The bolt of lightning hits you!!!
You die...

#(.....'#
#.(..######
#..........
#.)........
#)†(.......
#..).......
#..(.#######
#†)C........
#(@#........
#..#..#####.
#..#))#
#(.#..#
#..#C.#
#..#..#
#..#...
#..#...
#..##...


You could see a titan.

Vanquished Creatures
  An ancient lich (WizLab)
  Vashnia (Snake:4)
  Saint Roka (Orc:2)
  Margery (Vaults:3)
  A golden dragon (Vaults:5)
  Nikola (Swamp:1)
  A lich (Vaults:3)
  Jorgrun (Swamp:3)
  A tentacled monstrosity (Vaults:5)
  An ancient champion (WizLab)
  2 sphinxes
  Donald (Swamp:1)
  2 thorn hunters
  A shadow dragon (Vaults:5)
  3 tengu reavers (Vaults:5)
  Kirke (D:13)
  2 frost giants
  5 nagarajas
  3 deep elf sorcerers
  A fire giant (Vaults:5)
  18 vault wardens
  Aizul (Snake:1)
  A balrug (Abyss:2)
  An orc warlord (Orc:1)
  A deep elf elementalist (Vaults:5)
  Louise (Swamp:1)
  11 ironheart preservers
  2 stone giants
  4 very ugly things
  2 deep elf annihilators (Vaults:3)
  2 vampire knights (Vaults:2)
  2 entropy weavers
  4 dire elephants (Lair:6)
  An ettin (Vaults:5)
  A crystal guardian (Vaults:5)
  4 fire dragons
  An eidolon (Vaults:3)
  5 ogre magi
  4 ice dragons
  2 great orbs of eyes (Vaults:2)
  9 yaktaur captains
  37 vault guards
  3 shambling mangroves
  17 naga warriors
  A rakshasa (Vaults:3)
  27 hydras
  5 ghost crabs
  3 death knights
  A catoblepas (D:13)
  15 anacondas
  10 centaur warriors
  11 alligators
  3 death yaks (Lair:5)
  22 two-headed ogres
  4 orc high priests (Orc:2)
  3 thrashing horrors (Abyss:2)
  Urug (Orc:1)
  5 deep elf knights
  14 naga sharpshooters
  A spriggan berserker (Swamp:4)
  Sonja (D:13)
  A hell knight (Vaults:3)
  8 shock serpents
  A wretched star (Abyss:2)
  A sixfirhy (Abyss:1)
  12 skeletal warriors
  A sun demon (Abyss:2)
  2 fire crabs (shapeshifter)
  A salamander mystic (Snake:4)
  4 deep trolls
  4 sea snakes (Snake:1)
  A death drake (shapeshifter) (Vaults:5)
  4 swamp dragons
  2 glowing orange brains (Abyss:2)
  12 naga ritualists
  2 unseen horrors
  A spriggan druid (Swamp:2)
  7 deep elf magi
  4 wizards
  A flayed ghost (Vaults:4)
  5 large abominations
  18 ironbrand convokers
  2 deep elf archers
  13 mana vipers
  11 orc knights
  Pikel (D:4)
  4 necromancers
  31 ugly things
  A wolf spider (Vaults:4)
  A manticore (D:11)
  9 cyclopes
  8 orc sorcerers
  8 elephants (Lair:6)
  A stone giant skeleton (Vaults:4)
  6 salamanders
  2 centaur zombies
  A black mamba (shapeshifter) (D:13)
  5 guardian serpents
  Maurice (Orc:2)
  2 apocalypse crabs
  2 ice statues (IceCv)
  2 torpor snails (Lair:6)
  A frost giant skeleton (Vaults:4)
  A gargoyle (D:12)
  17 vault sentinels
  45 black mambas
  A centaur skeleton (D:13)
  28 naga magi
  A rime drake (shapeshifter) (Vaults:4)
  A human zombie (Vaults:4)
  12 spiny frogs
  3 rime drakes
  8 komodo dragons
  49 yaktaurs
  A freezing wraith (Vaults:5)
  An efreet (D:13)
  A yaktaur (shapeshifter) (Vaults:2)
  An ancient zyme (Abyss:1)
  A hellwing (Abyss:2)
  A red devil (Abyss:2)
  6 trolls
  A queen bee (shapeshifter) (Vaults:3)
  A queen bee (D:8)
  A polar bear (Lair:4)
  9 tyrant leeches
  12 hornets
  7 bog bodies
  Grinder (D:3)
  24 slime creatures
  A tengu simulacrum (Vaults:4)
  20 blink frogs
  2 dream sheep (Lair:6)
  3 raiju (Abyss:2)
  7 hippogriffs
  A hippogriff (shapeshifter) (Vaults:4)
  2 redbacks
  6 spriggans
  3 wraiths (D:13)
  A shadow (D:12)
  A tarantella (Vaults:4)
  A wyvern (Lair:3)
  25 yaks
  A hog (shapeshifter) (Vaults:2)
  5 vampires
  4 hogs
  2 hungry ghosts
  A golden eye (Abyss:2)
  2 basilisks (D:13)
  A neqoxec (Abyss:2)
  A steam dragon (D:10)
  5 vampire mosquitoes
  10 wargs
  6 two-headed ogre zombies
  41 nagas
  A soldier ant (shapeshifter) (D:13)
  12 insubstantial wisps
  15 swamp worms
  19 water moccasins
  A floating eye (shapeshifter) (Vaults:5)
  11 porcupines
  3 sky beasts
  14 swamp drakes
  29 ice beasts
  A slave (D:3)
  Purgy (Sewer)
  34 orc warriors
  5 black bears
  2 necrophages (D:8)
  5 phantoms
  An ogre (shapeshifter) (Vaults:3)
  An eye of draining (D:9)
  4 boggarts (Vaults:2)
  16 wolves
  30 ogres
  16 centaurs
  19 crocodiles
  A big kobold (D:7)
  Blork the orc (D:6)
  22 bullfrogs
  7 earth elementals (D:13)
  A wyvern skeleton (D:9)
  A deep troll simulacrum (Vaults:1)
  6 small abominations (Abyss:2)
  7 scorpions
  A water moccasin skeleton (D:7)
  21 killer bees (D:8)
  8 troll zombies (WizLab)
  9 wights
  8 howler monkeys
  2 electric eels
  5 lava snakes (Snake:1)
  12 crimson imps
  A bullfrog zombie (D:13)
  2 quasits (Abyss:2)
  4 hounds
  An iron imp (Abyss:2)
  3 jellies
  34 orc priests
  2 bullfrog skeletons
  A gnoll shaman (D:8)
  47 orc wizards
  A human skeleton (Abyss:2)
  4 iguanas
  17 worker ants
  11 ogre zombies
  3 hound zombies
  4 hound skeletons
  2 worker ant zombies
  22 adders
  13 gnolls
  4 shadow imps
  An ooze (D:3)
  2 ufetubi (Abyss:1)
  5 adder zombies
  3 worms
  5 leopard geckos
  119 orcs
  4 ball pythons
  8 bats
  5 giant cockroaches
  4 goblins
  5 hobgoblins
  16 jackals
  7 quokkas
  7 frilled lizards
  A goblin skeleton (D:10)
  3 goblin zombies (D:10)
  A hobgoblin skeleton (D:10)
  4 hobgoblin zombies (D:10)
  A jackal skeleton (D:5)
  A jackal zombie (D:5)
  14 kobolds
  A leopard gecko skeleton (D:5)
  16 orc zombies (D:10)
  2 quokka skeletons (D:5)
  5 rats
  4 fungi
  9 plants
1663 creatures vanquished.

Vanquished Creatures (collateral kills)
  2 ice dragons (IceCv)
  A naga sharpshooter (Snake:4)
3 creatures vanquished.

Vanquished Creatures (others)
  An alligator (Swamp:2)
  An ironbrand convoker (Vaults:5)
  A human (D:13)
  A slave (D:4)
  An orc wizard (D:4)
  21 fungi
  2 plants (Lair:6)
  6 toadstools (Swamp:3)
34 creatures vanquished.

Grand Total: 1700 creatures vanquished

Notes
Turn   | Place    | Note
-------+----------+-------------------------------------------
     0 | D:1      | Leibowitz the Minotaur Berserker began the quest for the
                  | Orb.
     0 | D:1      | Reached XP level 1. HP: 19/19 MP: 0/0
   126 | D:1      | Reached XP level 2. HP: 27/27 MP: 1/1
   255 | D:1      | Reached skill level 4 in Fighting
   861 | D:2      | Reached XP level 3. HP: 21/33 MP: 2/2
  1196 | D:2      | Reached ** piety under Trog
  1724 | D:3      | Noticed Grinder
  1735 | D:3      | Paralysed by Grinder for 5 turns
  1744 | D:3      | Killed Grinder
  1744 | D:3      | Reached skill level 5 in Fighting
  1744 | D:3      | Reached skill level 5 in Axes
  1744 | D:3      | Reached XP level 4. HP: 22/42 MP: 3/3
  1744 | D:3      | Reached XP level 5. HP: 26/48 MP: 4/4
  2125 | D:3      | Found a glowing drain.
  2148 | D:3      | Reached XP level 6. HP: 56/56 MP: 5/5
  2154 | Sewer    | Entered a sewer
  2223 | Sewer    | Noticed Purgy
  2238 | Sewer    | Killed Purgy
  2769 | D:4      | Noticed Pikel
  2769 | D:4      | Noticed a slave
  2769 | D:4      | Noticed a slave
  2769 | D:4      | Noticed a slave
  2769 | D:4      | Noticed a slave
  2791 | D:3      | Killed a slave
  2885 | D:4      | Killed Pikel
  2885 | D:4      | Reached *** piety under Trog
  2885 | D:4      | Reached skill level 5 in Armour
  2885 | D:4      | Reached XP level 7. HP: 61/62 MP: 6/6
  2998 | D:4      | Reached skill level 6 in Fighting
  2998 | D:4      | Reached XP level 8. HP: 70/70 MP: 7/7
  3067 | D:4      | Found an ancient bone altar of Kikubaaqudgha.
  3068 | D:4      | Found a bloodstained altar of Trog.
  3069 | D:4      | Found a sparkling altar of Nemelex Xobeh.
  3071 | D:4      | Found a shadowy altar of Dithmenos.
  3154 | D:4      | Noticed Natasha
  3346 | D:4      | Reached **** piety under Trog
  3521 | D:5      | Entered Level 5 of the Dungeon
  3524 | D:5      | Found an opulent altar of Gozag.
  3782 | D:5      | Got a crude cloak
  3788 | D:5      | Identified the +4 cloak of Saghyoss {Int+6 Dex+6} (You
                  | found it on level 5 of the Dungeon)
  3871 | D:5      | Reached skill level 5 in Dodging
  4086 | D:5      | Reached skill level 10 in Axes
  4179 | D:5      | Reached skill level 7 in Fighting
  4185 | D:5      | Reached XP level 9. HP: 79/79 MP: 8/8
  4612 | D:6      | Reached ***** piety under Trog
  4612 | D:6      | Received a gift from Trog
  4985 | D:6      | Noticed Blork the orc
  4995 | D:6      | Killed Blork the orc
  5076 | D:6      | Found a staircase to the Ecumenical Temple.
  5084 | Temple   | Entered the Ecumenical Temple
  5491 | D:7      | Reached skill level 8 in Fighting
  5518 | D:7      | Received a gift from Trog
  5549 | D:7      | Reached XP level 10. HP: 74/89 MP: 9/9
  5729 | D:7      | Found a burning altar of Makhleb.
  5729 | D:7      | Noticed an Executioner
  6194 | D:8      | Found a transporter.
  6301 | D:8      | Received a gift from Trog
  6589 | D:8      | Reached skill level 9 in Fighting
  6812 | D:8      | Noticed a cyclops
  6824 | D:8      | Found a transporter.
  7213 | D:8      | Killed a cyclops
  7387 | D:9      | Reached XP level 11. HP: 97/97 MP: 10/10
  7465 | D:9      | Received a gift from Trog
  7958 | D:10     | Entered Level 10 of the Dungeon
  7995 | D:10     | Noticed a death knight
  8012 | D:10     | Killed a death knight
  8012 | D:10     | Reached skill level 15 in Axes
  8034 | D:10     | Received a gift from Trog
  8040 | D:10     | Found a staircase to the Orcish Mines.
  8094 | D:10     | Found a staircase to the Lair.
  8333 | D:10     | Noticed a two-headed ogre
  8340 | D:10     | Killed a two-headed ogre
  8340 | D:10     | Reached skill level 10 in Fighting
  8432 | D:10     | Noticed a two-headed ogre
  8437 | D:10     | Killed a two-headed ogre
  8517 | D:10     | Identified a scroll of acquirement
  8608 | D:10     | Killed an unseen horror
  8961 | Lair:1   | Entered Level 1 of the Lair of Beasts
  9258 | Lair:1   | Gained mutation: Your flesh is cold resistant. (rC+)
                  | [potion of mutation]
  9258 | Lair:1   | Gained mutation: Your muscles are strong. (Str +2) [potion
                  | of mutation]
  9293 | Lair:1   | Noticed a five-headed hydra
  9301 | Lair:1   | Killed a two-headed hydra
  9301 | Lair:1   | Reached XP level 12. HP: 102/107 MP: 11/11
  9622 | Lair:2   | Noticed a seven-headed hydra
  9628 | Lair:2   | Killed a three-headed hydra
  9661 | Lair:2   | Found a staircase to the Swamp.
  9712 | Lair:2   | Received a gift from Trog
 10249 | Lair:3   | Reached skill level 11 in Fighting
 10250 | Lair:3   | Reached skill level 10 in Armour
 11049 | Lair:4   | Found a staircase to the Snake Pit.
 11059 | Lair:4   | Received a gift from Trog
 11097 | Lair:4   | Noticed a five-headed hydra
 11109 | Lair:4   | Killed a two-headed hydra
 11698 | Lair:5   | Noticed a death yak
 11708 | Lair:5   | Noticed a death yak
 11709 | Lair:5   | Noticed a death yak
 11712 | Lair:5   | Killed a death yak
 11720 | Lair:5   | Killed a death yak
 11720 | Lair:5   | Reached XP level 13. HP: 63/117 MP: 12/12
 11893 | Lair:5   | Reached skill level 12 in Fighting
 11949 | Lair:5   | Noticed Docy's ghost (journeyman MiBe)
 11950 | Lair:5   | Found a one-way gate to the infinite horrors of the Abyss.
 12008 | Lair:5   | Found a transporter.
 12047 | Lair:5   | Found a staircase to the Slime Pits.
 12459 | Lair:5   | Found a transporter.
 12527 | Lair:6   | Entered Level 6 of the Lair of Beasts
 12562 | Lair:6   | Received a gift from Trog
 13164 | Lair:6   | Received a gift from Trog
 13167 | Lair:6   | Got a crystal battleaxe {god gift}
 13168 | Lair:6   | Identified the +10 battleaxe of Wiplog {vorpal, rF+ Dex+5
                  | Stlth+} (Trog gifted it to you on level 6 of the Lair of
                  | Beasts)
 13759 | Lair:6   | Noticed a dire elephant
 13759 | Lair:6   | Noticed a dire elephant
 13760 | Lair:6   | Found the +9 staff of Wucad Mu {channel}
 13772 | Lair:6   | Killed a dire elephant
 13775 | Lair:6   | Killed a dire elephant
 13866 | Lair:6   | Noticed a dire elephant
 13874 | Lair:6   | Killed a dire elephant
 13932 | Lair:6   | Reached XP level 14. HP: 120/127 MP: 13/13
 14001 | Lair:6   | Reached skill level 13 in Fighting
 14751 | D:11     | Found Biucloat's Book Shoppe.
 15298 | D:12     | Found Vaulozav's Magic Scroll Shoppe.
 15402 | D:12     | Received a gift from Trog
 15483 | D:12     | Reached skill level 10 in Dodging
 15648 | D:13     | Got a slimy falchion
 15673 | D:13     | Got a crude iron ring
 15675 | D:13     | Identified the ring of Fecw {rPois MR+ Int+4 SInv} (You
                  | found it on level 13 of the Dungeon)
 15685 | D:13     | Identified the cursed +2 falchion of Haeluck {vorpal, rF+}
                  | (You found it on level 13 of the Dungeon)
 15715 | D:13     | Noticed a purple very ugly thing
 15721 | D:13     | Killed a purple very ugly thing
 15760 | D:13     | Noticed Kirke
 15819 | D:13     | Killed Kirke
 15835 | D:13     | Reached skill level 14 in Fighting
 16052 | D:13     | Noticed Sonja
 16280 | D:13     | Cast into level 1 of the Abyss (Sonja)
 16432 | D:13     | Escaped the Abyss
 16525 | D:13     | Received a gift from Trog
 16607 | D:13     | Killed Sonja
 16678 | D:13     | Found a gate to the Vaults.
 16841 | Orc:1    | Entered Level 1 of the Orcish Mines
 16875 | Orc:1    | Noticed Urug
 16891 | Orc:1    | Killed Urug
 17244 | Orc:2    | Entered Level 2 of the Orcish Mines
 17244 | Orc:2    | Found a frozen archway.
 17249 | Orc:2    | Received a gift from Trog
 17253 | Orc:2    | Reached XP level 15. HP: 139/139 MP: 14/14
 17263 | Orc:2    | Got an iridescent war axe {god gift}
 17264 | Orc:2    | Identified the +8 war axe "Jiavaps" {vorpal, MR++ Str-4
                  | Int+6} (Trog gifted it to you on level 2 of the Orcish
                  | Mines)
 17267 | Orc:2    | Found Ovuiteit's Antique Armour Emporium.
 17269 | IceCv    | Entered an ice cave
 17698 | Orc:2    | Found a staircase to the Elven Halls.
 17704 | Orc:2    | Reached skill level 15 in Fighting
 17711 | Orc:2    | Bought a pair of runed gloves for 300 gold pieces
 17864 | Orc:2    | Noticed Saint Roka
 17884 | Orc:2    | Killed Saint Roka
 17892 | Orc:2    | Received a gift from Trog
 18269 | Orc:2    | Received a gift from Trog
 18635 | Orc:2    | Found Ilobyewn's Food Shoppe.
 18635 | Orc:2    | Found Jizics's Jewellery Shoppe.
 18639 | Orc:2    | Found Zuapp's Gadget Emporium.
 18642 | Orc:2    | Found Seturyck's Jewellery Emporium.
 18881 | Orc:2    | Noticed Maurice
 18889 | Orc:2    | Killed Maurice
 18954 | Orc:2    | Found a roughly hewn altar of Beogh.
 19056 | Orc:1    | Noticed an orc warlord
 19062 | Orc:1    | Killed an orc warlord
 19062 | Orc:1    | Reached skill level 16 in Fighting
 19073 | Orc:1    | Received a gift from Trog
 19380 | Snake:1  | Entered Level 1 of the Snake Pit
 20017 | Snake:1  | Found Asoapiss's Gadget Shop.
 20023 | Snake:1  | Found Plog's Antique Armour Shop.
 20030 | Snake:1  | Bought a pair of boots for 175 gold pieces
 20052 | Snake:1  | Received a gift from Trog
 20134 | Snake:1  | Reached XP level 16. HP: 108/154 MP: 15/15
 20363 | Snake:1  | Noticed Aizul
 20372 | Snake:1  | Killed Aizul
 21261 | Snake:2  | Reached skill level 17 in Fighting
 21571 | Snake:2  | Upgraded the game from 0.25-a0-549-g6e6e6501ad to
                  | 0.25-a0-558-g78a2afb0af
 21599 | Snake:2  | Received a gift from Trog
 21716 | Snake:2  | Got a fine fustibalus
 21734 | Snake:2  | You fall into a shaft and drop 1 floor!
 22246 | Snake:2  | Found Bokhihih's Gadget Emporium.
 22251 | Snake:2  | Found Tosoatt's Jewellery Shop.
 22252 | Snake:2  | Found Erphustryt's Gadget Emporium.
 22490 | Snake:2  | Received a gift from Trog
 23476 | Snake:2  | Reached skill level 18 in Fighting
 23780 | Snake:3  | Found Jewif's Antique Armour Shoppe.
 24905 | Snake:4  | Entered Level 4 of the Snake Pit
 24939 | Snake:4  | Received a gift from Trog
 25231 | Snake:4  | Reached XP level 17. HP: 143/166 MP: 16/16
 25423 | Snake:4  | Noticed Vashnia
 25461 | Snake:4  | Killed Vashnia
 25464 | Snake:4  | Reached skill level 19 in Fighting
 25478 | Snake:4  | HP: 8/168 [naga sharpshooter/bolt[Vashnia] (11)]
 25511 | Snake:4  | Received a gift from Trog
 26134 | Snake:4  | Received a gift from Trog
 26144 | Snake:4  | Got a faintly glowing rapier {god gift}
 26367 | Snake:4  | Reached skill level 20 in Fighting
 26413 | Snake:4  | Reached skill level 15 in Armour
 26611 | Snake:4  | Got a serpentine rune of Zot
 26938 | Swamp:1  | Entered Level 1 of the Swamp
 26968 | Swamp:1  | Found the +15 Maxwell's patent armour {-Cast -Tele rElec
                  | MR+ rCorr}
 26972 | Swamp:1  | Noticed Louise
 26988 | Swamp:1  | Cast into level 2 of the Abyss (Louise)
 27256 | Abyss:2  | Received a gift from Trog
 27347 | Abyss:2  | Found a corrupted altar of Lugonu.
 27436 | Swamp:1  | Escaped the Abyss
 27443 | Swamp:1  | Killed Louise
 27493 | Swamp:1  | Noticed Nikola
 27503 | Swamp:1  | Killed Nikola
 27842 | Swamp:1  | Noticed Donald
 27853 | Swamp:1  | Killed Donald
 28206 | Swamp:2  | Reached skill level 21 in Fighting
 28217 | Swamp:2  | Reached XP level 18. HP: 120/182 MP: 17/17
 28225 | Swamp:2  | Received a gift from Trog
 28991 | Swamp:2  | Found Uzoahyuh's Island Escapes.
 29080 | Swamp:2  | Found the +4 Cigotuvi's embrace {rRot *Drain rN+}
 29299 | Swamp:3  | Received a gift from Trog
 29692 | Swamp:3  | Got a brightly glowing plate armour
 29703 | Swamp:3  | Identified the +3 plate armour "Xeenikess" {*Drain rF++
                  | MR+++ Dex-5} (You found it on level 3 of the Swamp)
 29720 | Swamp:3  | Noticed Jorgrun
 29732 | Swamp:3  | Killed Jorgrun
 30094 | Swamp:4  | Entered Level 4 of the Swamp
 30110 | Swamp:4  | Reached skill level 22 in Fighting
 30438 | Swamp:4  | Received a gift from Trog
 30608 | Swamp:4  | Reached ****** piety under Trog
 30638 | Swamp:4  | Got a decaying rune of Zot
 31475 | Vaults:1 | Entered Level 1 of the Vaults
 31517 | Vaults:1 | Received a gift from Trog
 31904 | Vaults:1 | Reached skill level 23 in Fighting
 31904 | Vaults:1 | Reached XP level 19. HP: 195/195 MP: 18/18
 32014 | Vaults:1 | Received a gift from Trog
 32273 | Vaults:1 | Found Ruzatas's Gadget Emporium.
 33076 | Vaults:2 | Received a gift from Trog
 33252 | Vaults:2 | Reached skill level 24 in Fighting
 33468 | Vaults:2 | Received a gift from Trog
 34103 | Vaults:2 | Got a spiked chain mail
 34104 | Vaults:2 | Identified the +8 chain mail "Pueski" {Str+3 Slay+3} (You
                  | found it on level 2 of the Vaults)
 34205 | Vaults:3 | Received a gift from Trog
 34450 | Vaults:3 | Reached XP level 20. HP: 118/209 MP: 19/19
 34458 | Vaults:3 | Noticed Margery
 34468 | Vaults:3 | Killed Margery
 34468 | Vaults:3 | Received a gift from Trog
 34468 | Vaults:3 | Reached skill level 25 in Fighting
 34504 | Vaults:3 | Found a flickering gateway to a bazaar.
 34520 | Bazaar   | Entered a bazaar
 34522 | Bazaar   | Found Terofite's Magic Scroll Boutique.
 34526 | Bazaar   | Found Plog's Jewellery Boutique.
 34526 | Bazaar   | Found Nupnaad's Assorted Antiques.
 34526 | Bazaar   | Found Buroul's Magic Scroll Boutique.
 34557 | Bazaar   | Bought a scroll of magic mapping for 31 gold pieces
 34557 | Bazaar   | Bought a scroll of brand weapon for 180 gold pieces
 34557 | Bazaar   | Bought a scroll of blinking for 67 gold pieces
 34562 | Bazaar   | Bought a scroll of enchant armour for 105 gold pieces
 34562 | Bazaar   | Bought a scroll of enchant armour for 105 gold pieces
 34977 | Vaults:3 | Found a staircase to the Crypt.
 35232 | Vaults:3 | Received a gift from Trog
 35919 | Vaults:4 | Found a magical portal.
 36067 | WizLab   | Received a gift from Trog
 36071 | WizLab   | Got a slimy hand axe {god gift}
 36122 | WizLab   | Reached skill level 26 in Fighting
 36128 | WizLab   | Identified the +11 hand axe of the Ageless Beds {flame, rF+
                  | rC+ Str+3} (Trog gifted it to you in a wizard's laboratory)
 36139 | WizLab   | Noticed an antique lich
 36143 | WizLab   | Killed an antique lich
 36151 | WizLab   | Found the +9 sword of Zonguldrok {reap}
 36162 | WizLab   | Identified the Incunabulum of Calculation
 36878 | Vaults:4 | Received a gift from Trog
 37520 | Vaults:5 | Entered Level 5 of the Vaults
 37546 | Vaults:4 | Reached XP level 21. HP: 135/223 MP: 20/20
 37550 | Vaults:4 | Received a gift from Trog
 37803 | Vaults:5 | Reached skill level 27 in Fighting
 37953 | Vaults:5 | Noticed a golden dragon
 37963 | Vaults:5 | Reached skill level 15 in Dodging
 37977 | Vaults:5 | Killed a golden dragon
 38290 | Vaults:5 | Received a gift from Trog
 38374 | Vaults:5 | Killed from afar by a titan

Levels and vault maps discovered:
D:1:      dpeg_arrival_solitude, layout_basic
D:2:      layout_loops_cross
D:3:      layout_loops_cross, cheibrodos_sewer_entry_bend, st_stairs_9,
          uniq_grinder
D:4:      layout_gridville, grunt_temple_overflow_open, first_ration,
          uniq_pikel, uniq_natasha
D:5:      layout_basic, lemuel_crystal_altar, serial_undead, serial_undead_f,
          serial_undead_b, serial_undead_f, serial_undead_a
D:6:      layout_basic, minmay_temple_entry_wispy, st_stairs_4,
          minmay_increasing_density, uniq_blork_the_orc
D:7:      layout_loops_ring, makhleb_altar_promises_db
D:8:      gammafunk_the_bubble [the_bubble_gammafunk_plus_minus], layout_basic,
          david_nohive_1
D:9:      layout_grid_maze
D:10:     layout_grid_maze, due_lair_maze_entry_diamond, zombieorc2_lemuel
D:11:     dragon1_lemuel, layout_loops_ring, serial_shops, kennysheep_mini_moat
D:12:     layout_roguey, serial_shops, shop, kennysheep_generic_room_3
D:13:     layout_big_octagon, lightli_vaults_fourway_checkpoint,
          hangedman_cracks_in_the_wall, uniq_kirke, uniq_sonja
Temple:   eino_temple_scatter_basement
Lair:1:   layout_loops_ring
Lair:2:   dpeg_oklob_gauntlet, layout_gridlike, swamp_mist_pool,
          grunt_megastairs_1
Lair:3:   layout_loops_ring, st_stairs_12, grunt_megastairs_3
Lair:4:   layout_loops_ring, minmay_snake_entry_six_corridors,
          infiniplex_staircase_pool_2
Lair:5:   layout_regular_city, minmay_slime_entry_pillars,
          gammafunk_ghost_abyssal_escape
Lair:6:   due_jungle_book, layout_regular_city
Swamp:1:  layout_basic_swamp, hangedman_swamp_ruin_hall, uniq_louise,
          uniq_nikola, uniq_donald
Swamp:2:  layout_falls_marsh, infiniplex_staircase_pool, swamp_pool5,
          nicolae_swamp_orc_logging_accident, nicolae_island_escapes
Swamp:3:  cheibrodos_swamp_tower_of_moss, layout_basic_swamp,
          hangedman_swamp_blocks, uniq_jorgrun
Swamp:4:  swamp_basic_johnstein, layout_basic_swamp, swamp_pool3
Snake:1:  layout_layer_cave, nicolae_snake_lava_pool, minmay_shop_star,
          lemuel_fruit_tree, serial_bayou_shore_a, uniq_aizul
Snake:2:  layout_layer_cave, minmay_shop_grove
Snake:3:  layout_onion_interference, serial_shops, nicolae_shop_stone
Snake:4:  snake_pit, layout_cave_pods, uniq_vashnia
Orc:1:    layout_caves, uniq_urug
Orc:2:    st_orc_mages, layout_diamond_mine, serial_shops, shop,
          portal_ice_cave_entry_ice_beasts, mines2_david, uniq_saint_roka,
          uniq_maurice
Vaults:1: ontoclasm_vaults_chip, vaults_room_octagon, v_misc_10,
          vaults_room_large_hall, ontoclasm_vaults_ring_large,
          nicolae_vaults_border_crossing, v_alt_pattern_5,
          layout_vaults_quadrants, serial_shops, nicolae_shop_trees
Vaults:2: v_alt_pattern_6, grunt_vaults_bifocal,
          ontoclasm_vaults_decontamination, vaults_room_ringed_pool,
          hangedman_vaults_nails, v_rooms_3, v_rooms_1, vaults_dpeg_diagonal,
          nicolae_vaults_angled_halls, v_misc_29,
          nicolae_vaults_disjoint_gnomons, ontoclasm_vaults_bender,
          nicolae_vaults_little_squares_3, layout_vaults_maze_bifur
Vaults:3: nicolae_vaults_network_barrier, ontoclasm_vaults_eye,
          grunt_vaults_twisty, ontoclasm_vaults_loading_screen,
          vaults_mumra_minichess_inversion, v_pattern_2, vaults_dpeg_doors,
          nicolae_vaults_little_squares_3, vaults_room_boxed, vaults_dpeg_hooks,
          nicolae_vaults_circle_grid_a, ontoclasm_vaults_fault,
          minmay_crypt_entry_simple_box, layout_vaults_omnibox, serial_shops,
          bzr_entry_water, uniq_margery
Vaults:4: ontoclasm_vaults_loading_screen, vaults_mumra_hex, v_alt_pattern_1,
          nicolae_vaults_three_branches, nicolae_vaults_little_squares_1,
          nicolae_vaults_asterisk, hangedman_vaults_trim, v_misc_19, v_misc_9,
          vaults_room_pools, v_alt_pattern_4, vaults_room_corners,
          nicolae_vaults_mini_display_case, layout_vaults_chaotic_city,
          lightli_enter_wizlab_magi_temple
Vaults:5

Skill      XL: |  1  2  3  4  5  6  7  8  9 10 11 12 13 14 15 16 17 18 19 20 21 |
---------------+----------------------------------------------------------------+-----
Fighting       | 4 5 6 7 8 9 10 11 12 14 16 18 21 23 24 26 27 | 27.0
Axes           | 4 5 8 10 12 14 16 18 20 21 22 | 22.8
Armour         | 3 5 6 7 8 9 10 11 13 14 15 16 17 18 19 | 19.7
Dodging        | 3 4 5 6 7 8 9 10 11 12 13 14 15 | 15.5
Evocations     | |  0.3

Action                   |  1- 3 |  4- 6 |  7- 9 | 10-12 | 13-15 | 16-18 | 19-21 || total
-------------------------+-------+-------+-------+-------+-------+-------+-------++-------
Melee: Hand axe          |    81 |    98 |    43 |       |       |       |       ||   222
       Headbutt          |     7 |    17 |    66 |   100 |   220 |   279 |   223 ||   912
       War axe           |       |       |   267 |       |       |       |       ||   267
       Battleaxe         |       |       |       |   152 |   585 |   883 |   678 ||  2298
       Broad axe         |       |       |       |    49 |       |       |       ||    49
       Executioner's axe |       |       |       |   215 |   105 |       |       ||   320
Throw: Javelin           |       |       |     6 |       |     3 |       |       ||     9
Invok: Berserk           |     2 |       |     2 |     2 |     4 |     1 |       ||    11
       Trog's Hand       |       |       |       |     2 |     2 |     3 |     2 ||     9
       Brothers in Arms  |       |       |       |       |     2 |     2 |       ||     4
Evoke: Wand              |       |       |       |       |     1 |       |       ||     1
  Use: Scroll            |       |       |       |    18 |     6 |     2 |     4 ||    30
       Potion            |       |       |       |    11 |       |     5 |     1 ||    17
 Stab: Sleeping          |       |       |       |       |     1 |       |       ||     1
       Distracted        |       |       |       |       |       |       |     2 ||     2
  Eat: Chunk             |     3 |     5 |    10 |    24 |    28 |    14 |    18 ||   102
       Ration            |       |       |       |       |     1 |     8 |     1 ||    10
Armor: Animal skin       |     6 |       |       |       |       |       |       ||     6
       Leather armour    |    10 |       |       |       |       |       |       ||    10
       Ring mail         |    16 |    23 |    25 |       |       |       |       ||    64
       Plate armour      |       |       |    47 |   159 |   193 |   278 |    70 ||   747
       Ice dragon scales |       |       |       |       |    81 |   163 |       ||   244
       Chain mail        |       |       |       |       |       |       |   191 ||   191
Dodge: Dodged            |    62 |    89 |   231 |   339 |   585 |   680 |   461 ||  2447

Table legend:
 A = Non-vault XP
 B = Vault XP
 C = Vault XP percentage of total XP
 D = Non-vault monster count
 E = Vault monster count
 F = Vault count percentage of total count
                 A         B        C        D         E       F
            +---------+---------+-------+---------+---------+-------
      Total |  365863 |  284658 |  43.8 |    1106 |     548 |  33.1
            +---------+---------+-------+---------+---------+-------
        D:1 |      25 |       0 |   0.0 |      16 |       0 |   0.0
        D:2 |      56 |       0 |   0.0 |      20 |       0 |   0.0
        D:3 |      32 |     280 |  89.7 |      11 |       4 |  26.7
        D:4 |     558 |     593 |  51.5 |      32 |       1 |   3.0
        D:5 |    1212 |      79 |   6.1 |      30 |      11 |  26.8
        D:6 |     784 |     602 |  43.4 |      22 |      10 |  31.2
        D:7 |    1518 |       0 |   0.0 |      36 |       0 |   0.0
        D:8 |    2600 |    2391 |  47.9 |      51 |      27 |  34.6
        D:9 |    1068 |       0 |   0.0 |      23 |       0 |   0.0
       D:10 |    5276 |    2238 |  29.8 |      26 |      46 |  63.9
       D:11 |    3152 |    1129 |  26.4 |      19 |       1 |   5.0
       D:12 |    5488 |     410 |   7.0 |      27 |       2 |   6.9
       D:13 |   10440 |    8698 |  45.4 |      28 |      23 |  45.1
     Lair:1 |    2535 |       0 |   0.0 |       8 |       0 |   0.0
     Lair:2 |    2454 |    1131 |  31.5 |      12 |       2 |  14.3
     Lair:3 |    2131 |    1662 |  43.8 |      15 |       7 |  31.8
     Lair:4 |    4886 |    1857 |  27.5 |      20 |      13 |  39.4
     Lair:5 |    8720 |     867 |   9.0 |      20 |       4 |  16.7
     Lair:6 |   17746 |    2826 |  13.7 |      56 |       5 |   8.2
    Swamp:1 |    3868 |    7820 |  66.9 |      13 |       3 |  18.8
    Swamp:2 |   19089 |     271 |   1.4 |      43 |       2 |   4.4
    Swamp:3 |   17853 |    5156 |  22.4 |      39 |       2 |   4.9
    Swamp:4 |   11533 |   17694 |  60.5 |      29 |      27 |  48.2
    Snake:1 |   20937 |    3646 |  14.8 |      42 |      16 |  27.6
    Snake:2 |   24393 |       0 |   0.0 |      46 |       0 |   0.0
    Snake:3 |   24690 |       0 |   0.0 |      37 |       0 |   0.0
    Snake:4 |   16288 |   34857 |  68.2 |      34 |      47 |  58.0
      Orc:1 |   11393 |     824 |   6.7 |      68 |       1 |   1.4
      Orc:2 |    5760 |   13693 |  70.4 |      31 |      71 |  69.6
   Vaults:1 |   20550 |   30870 |  60.0 |      36 |      40 |  52.6
   Vaults:2 |   28133 |   17463 |  38.3 |      49 |      27 |  35.5
   Vaults:3 |   36961 |   36721 |  49.8 |      56 |      49 |  46.7
   Vaults:4 |   10609 |   36508 |  77.5 |      25 |      43 |  63.2
   Vaults:5 |   11975 |   44020 |  78.6 |      12 |      33 |  73.3
    Abyss:1 |    2665 |       0 |   0.0 |       7 |       0 |   0.0
    Abyss:2 |   12560 |       0 |   0.0 |      34 |       0 |   0.0
      Sewer |       0 |     150 | 100.0 |       0 |       6 | 100.0
      IceCv |       0 |    4773 | 100.0 |       0 |      20 | 100.0
     WizLab |   15925 |    5429 |  25.4 |      33 |       5 |  13.2
            +---------+---------+-------+---------+---------+-------
